 Dungeon Crawl Stone Soup version 0.30-a0-462-gd5975efbca (webtiles) character file.

Game seed: 10999405455441509988

61 tilp the Shield-Bearer (level 4, 2/39 HPs)
             Began as a Meteoran Fighter on Dec 16, 2022.
             Quit the game in a sewer.
             The game lasted 00:03:22 (524 turns).

tilp the Shield-Bearer (Meteoran Fighter)            Turns: 524, Time: 00:03:23

Health: 2/39       AC:  7    Str: 18    XL:     4   Next: 51%
Magic:  5/5        EV: 10    Int:  9    God:
Gold:   25         SH:  5    Dex: 15    Spells: 3/3 levels left

rFire   . . .      SeeInvis .    a - +0 long sword (flame)
rCold   . . .      Faith    .    c - +0 buckler
rNeg    . . .      Spirit   .    b - +0 scale mail
rPois   .          Reflect  .    (no helmet)
rElec   .          Harm     .    (no cloak)
rCorr   .          Rampage  .    (no gloves)
Will    .....                    (no boots)
Stlth   ..........               (no amulet)
HPRegen 0.26/turn                (no ring)
MPRegen 0.09/turn                (no ring)

@: lethally poisoned (2 -> 0), flying, slowed, glowing, very slow
A: sense surroundings 1, otherworldly, glowing, explore regen
a: no special abilities


You were in a sewer.
You visited 1 branch of the dungeon, and saw 3 of its levels.
You also visited: Sewer.

You collected 25 gold pieces.

Inventory:

Hand Weapons
 a - a +0 long sword of flaming (weapon)
Armour
 b - a +0 scale mail (worn)
 c - a +0 buckler (worn)
Scrolls
 g - a scroll of vulnerability
Potions
 d - a potion of might
 h - a potion of flight


   Skills:
 + Level 3.6 Fighting
 + Level 2.9 Long Blades
 - Level 4.0 Armour
 * Level 2.2 Dodging
 + Level 0.8 Stealth
 - Level 4.0 Shields


You had 3 spell levels left.
You didn't know any spells.
Your spell library was empty.

Dungeon Overview and Level Annotations

Branches:
Dungeon (3/15) Zot: 1338    Sewer (1/1) Zot: 465

Altars:


Innate Abilities, Weirdness & Mutations

You passively map a small area around you.
You are easily found by Zot.
You glow in the dark.
You regain HP and MP as you explore.


Message History

The river rat bites you!
* * * LOW HITPOINT WARNING * * *
You slash the river rat!
You kill the river rat!
You closely miss the rat. You barely miss the rat.
The rat splashes around in the water.
The rat closely misses you.
Your unstable footing causes you to fumble your attack.
The rat bites you.
* * * LOW HITPOINT WARNING * * *
You slash the rat!
You kill the rat!
A kobold brigand comes into view.
It is wielding a +0 short sword and quivering curare-tipped darts.
Found a scroll labelled VEDWUEPSAG.
The kobold brigand shouts!
The kobold brigand throws a curare-tipped dart.
The curare-tipped dart hits you.
You are poisoned.
You have difficulty breathing.
* * * LOW HITPOINT WARNING * * *
You feel yourself slow down.
* * * LOW HITPOINT WARNING * * *
You feel very sick.
Unknown command.
It was a potion of flight.
You feel very buoyant.
You fly up into the air.
* * * LOW HITPOINT WARNING * * *
You feel sick.
Unknown command.
Okay, then.
As you read the scroll labelled EVIXODD FUAT, it crumbles to dust.
It is a scroll of brand weapon.
Your +0 long sword is engulfed in flames!
a - a +0 long sword of flaming (weapon)
* * * LOW HITPOINT WARNING * * *
You feel sick.
Unknown command.
Unknown command.
Are you sure you want to abandon this character and quit the game? (Confirm with "yes".)

~~.~..~~~..## #####~~~~.#
.~.~~..~~~## #####
.....~..~~# ∩.∩.~~.~..#
.......~~.# ~..~..~~~~##
** ### .~..~.~~~~~##
#####~~~~?
~~~~~~##...~####~~~~K#
.~~.~####~~.~.~~@###~~~~K
.~.~.# #.~~.~..~# #####
~~.~~~ ##~~~..~~###.~~~.#
, , #######~~~†~# * ,
#####~~~~.# *##### *


You could see a kobold brigand.

Vanquished Creatures
  3 adders (D:3)
  2 river rats (Sewer)
  A worm (Sewer)
  A ball python (Sewer)
  2 endoplasms
  A hobgoblin (D:1)
  A bat (D:1)
  A frilled lizard (D:1)
  A kobold (D:2)
  7 rats
20 creatures vanquished.

Notes
Turn   | Place    | Note
-------+----------+-------------------------------------------
     0 | D:1      | tilp the Meteoran Fighter began the quest for the Orb.
     0 | D:1      | Reached XP level 1. HP: 19/19 MP: 2/2
   174 | D:1      | Reached XP level 2. HP: 25/26 MP: 3/3
   359 | D:3      | Reached skill level 1 in Dodging
   373 | D:3      | Reached XP level 3. HP: 24/31 MP: 4/4
   415 | D:3      | Found a glowing drain.
   422 | Sewer    | Entered a sewer
   452 | Sewer    | Reached XP level 4. HP: 30/38 MP: 5/5
   520 | Sewer    | Noticed a kobold brigand
   524 | Sewer    | Quit the game

Illustrated notes

Levels and vault maps discovered:
D:1:      kilobyte_arrival_exit_the_forest, layout_basic,
          minmay_misc_feat_pillars, kennysheep_another_room
D:2:      layout_rooms, hangedman_decor_points
D:3:      layout_loops_ring, serial_undead, serial_undead_f, serial_undead_d,
          serial_undead_d, serial_undead_f, serial_undead_d, serial_undead_d,
          gup_sewer_entry_spiral, minmay_cut_off
Sewer:    sewer_co_tree

Skill      XL: |  1  2  3  4 |
---------------+-------------+-----
Dodging        | 1 2 |  2.2
Shields        | 4 |  4.0
Armour         | 4 |  4.0
Fighting       | |  3.6
Long Blades    | |  2.9
Stealth        | |  0.8

Action                   |  1- 3 |  4- 6 || total
-------------------------+-------+-------++-------
Melee: Long sword        |    73 |    23 ||    96
  Use: Scroll            |     3 |     1 ||     4
       Potion            |       |     1 ||     1
Armor: Scale mail        |    38 |     1 ||    39
Dodge: Dodged            |    41 |     6 ||    47
Block: Buckler           |    11 |     1 ||    12

Table legend: (Time is in decaauts)
 A = Elapsed time spent in this place.
 B = Non-inter-level travel time spent in this place.
 C = Inter-level travel time spent in this place.
 D = Time resting spent in this place.
 E = Time spent auto-exploring this place.
 F = Levels seen in this place.
 G = Mean time per level.
                   A        B        C        D        E       F      G
               +--------+--------+--------+--------+--------+-----+--------+
         Total |    596 |    596 |      0 |      0 |     88 |   4 |  149.0 |
       Dungeon |    461 |    461 |      0 |      0 |     88 |   3 |  153.7 |
         Sewer |    135 |    135 |      0 |      0 |      0 |   1 |  135.0 |
               +--------+--------+--------+--------+--------+-----+--------+

Top non-repeatable levels by time:
     D:1: 215 daAuts
     D:3: 156 daAuts
   Sewer: 135 daAuts
     D:2: 88 daAuts
